 Dungeon Crawl Stone Soup version 0.29-a0-330-g52719c12eb (webtiles) character file.

Game seed: 91877895607931517

129 kae the Gusty (level 5, -11/45 HPs)
             Began as an Ogre Air Elementalist on Apr 12, 2022.
             Killed from afar by Ijyb (25 damage)
             ... with a bolt of acid
             ... on level 3 of the Dungeon.
             The game lasted 00:02:42 (3788 turns).

kae the Gusty (Ogre Air Elementalist)               Turns: 3788, Time: 00:02:42

Health: -11/45     AC:  0    Str: 12    XL:     5   Next: 12%
Magic:  8/10       EV:  9    Int: 18    God:
Gold:   65         SH:  0    Dex:  9    Spells: 8/11 levels left

rFire   . . .      SeeInvis .   e - +0 club
rCold   . . .      Faith    .   (no shield)
rNeg    . . .      Spirit   .   a - +0 robe
rPois   .          Reflect  .   (helmet restricted)
rElec   .          Harm     .   i - +0 cloak
rCorr   .          Rampage  .   (gloves unavailable)
Will    +....                   (boots unavailable)
Stlth   +.........              (no amulet)
HPRegen 0.15/turn               j - ring of willpower
MPRegen 0.12/turn               (no ring)

@: brilliant, lethally poisoned (-11 -> -24), corroded, attractive, flying
A: large, unfitting armour, tough skin 1
a: no special abilities


You were on level 3 of the Dungeon.
You visited 1 branch of the dungeon, and saw 3 of its levels.

You collected 65 gold pieces.

Inventory:

Hand Weapons
 e - a +0 club (weapon)
Armour
 a - a +0 robe (worn)
 i - a +0 cloak (worn)
Jewellery
 j - a ring of willpower (left hand)
Wands
 k - a wand of paralysis (13)
Potions
 b - 2 potions of magic
 c - a potion of curing
 d - a potion of cancellation


   Skills:
 - Level 1.7 Dodging
 - Level 1.4 Stealth
 + Level 3.5 Spellcasting
 + Level 2.1 Conjurations
 * Level 4.1 Air Magic


You had 8 spell levels left.
You knew the following spells:

 Your Spells              Type           Power      Damage    Failure   Level
a - Shock                 Conj/Air       84%        1d8       4%          1
b - Static Discharge      Conj/Air       21%        N/A       6%          2

Your spell library contained the following spells:

 Spells                   Type           Power      Damage    Failure   Level
 Swiftness                Air            27%        N/A       9%          3
 Airstrike                Air            13%        N/A       28%         4


Dungeon Overview and Level Annotations

Branches:
Dungeon (3/15)

Altars:
Okawaru

Annotations:
D:3 Ijyb, Sigmund


Innate Abilities, Weirdness & Mutations

You are too large for most types of armour.
You have tough skin. (AC +1)


Message History

The adder barely misses you.
Ijyb zaps a wand.
The bolt of acid misses you.
You hit the adder.
The adder is almost dead.
The adder bites you but does no damage.
Ijyb zaps a wand.
The bolt of acid hits you! The acid corrodes you! The adder bites you.
You are poisoned.
The adder poisons you!
Okay, then.
You aren't carrying any scrolls.
Unknown command.
You feel sick. The adder closely misses you.
There is a stone staircase leading down here.
You aren't carrying any scrolls.
Okay, then.
Ijyb attacks as you move away! Ijyb hits you with a +0 dagger.
You feel sick. The adder closely misses you. The adder misses you.
Ijyb attacks as you move away! Ijyb hits you with a +0 dagger.
You feel sick. The adder bites you.
You feel sick.
You feel sick. The adder bites you.
* * * LOW HITPOINT WARNING * * *
You feel better. The adder barely misses you.
It was a potion of flight.
You feel very buoyant.
You fly up into the air.
The adder bites you.
You are poisoned.
The adder poisons you!
Ijyb zaps a wand.
The bolt of acid misses you.
It was a potion of brilliance.
You feel clever all of a sudden.
You feel sick. The adder bites you.
You are more poisoned.
The adder poisons you! The adder bites you.
You are more poisoned.
The adder poisons you!
It was a potion of attraction.
You feel attractive to monsters.
You feel very sick.
Ijyb zaps a wand.
The bolt of acid hits you!!
Ouch! That really hurt!
You die...

#.###.#[..########.##
.
#.###.###..........##
..### #.....#
####..#.....#
.....##..##.#
########.# #.....##.#
##_## #..
###....#.#####8...8#
##.
##........##.....####.
#>.#Sg.##.#8.....8#...
#..###@.# ##....$##(..
#.## ##...# #### #.
.).# .. ....# ..#
.#..# ... ....# ... ##
## # ##### #....


You could see Ijyb and an adder.

Vanquished Creatures
  A scorpion (D:2)
  3 adders (D:3)
  A white imp (D:3)
  A worm (D:2)
  3 dart slugs
  3 bats
  4 endoplasms
  2 giant cockroaches
  3 goblins
  4 hobgoblins
  3 jackals (D:1)
  2 quokkas (D:1)
  4 ball pythons
  4 frilled lizards
  A kobold (D:1)
  5 rats
44 creatures vanquished.

Notes
Turn   | Place    | Note
-------+----------+-------------------------------------------
     0 | D:1      | kae the Ogre Air Elementalist began the quest for the Orb.
     0 | D:1      | Reached XP level 1. HP: 16/16 MP: 3/3
   168 | D:1      | Reached skill level 1 in Conjurations
   632 | D:1      | Reached XP level 2. HP: 9/24 MP: 0/5
   826 | D:1      | Reached skill level 3 in Air Magic
  1645 | D:1      | Learned a level 2 spell: Static Discharge
  1750 | D:2      | Reached XP level 3. HP: 25/31 MP: 0/7
  2988 | D:3      | Found an iron altar of Okawaru.
  3074 | D:3      | Reached XP level 4. HP: 39/39 MP: 3/8
  3229 | D:3      | Noticed Sigmund
  3319 | D:3      | Noticed a scorpion
  3500 | D:2      | Killed a scorpion
  3501 | D:2      | Reached skill level 4 in Air Magic
  3563 | D:3      | Reached XP level 5. HP: 29/45 MP: 4/10
  3775 | D:3      | Noticed Ijyb
  3788 | D:3      | Killed from afar by Ijyb

Illustrated notes

Levels and vault maps discovered:
D:1:      heliophobic_arrival_battle_scene, layout_basic
D:2:      layout_loops_corners, grunt_ministairs_2
D:3:      layout_rooms, nicolae_overflow_hidden_temple,
          ebering_ecumenical_altar_hall, minmay_fractal_squares_gapless_5,
          uniq_ijyb, uniq_sigmund

Skill      XL: |  1  2  3  4 |
---------------+-------------+-----
Conjurations   | 1 2 |  2.1
Air Magic      | 3 4 |  4.1
Spellcasting   | 3 |  3.5
Dodging        | |  1.7
Stealth        | |  1.4

Action                   |  1- 3 |  4- 6 || total
-------------------------+-------+-------++-------
Melee: Unarmed           |    22 |       ||    22
       Club              |    11 |     2 ||    13
 Cast: Shock             |    76 |    29 ||   105
       Static Discharge  |       |     2 ||     2
  Use: Scroll            |     5 |     2 ||     7
       Potion            |       |     4 ||     4
Armor: Robe              |    25 |     2 ||    27
Dodge: Dodged            |    30 |    13 ||    43

Table legend: (Time is in decaauts)
 A = Elapsed time spent in this place.
 B = Non-inter-level travel time spent in this place.
 C = Inter-level travel time spent in this place.
 D = Time resting spent in this place.
 E = Time spent auto-exploring this place.
 F = Levels seen in this place.
 G = Mean time per level.
                   A        B        C        D        E       F      G
               +--------+--------+--------+--------+--------+-----+--------+
         Total |   3793 |   3695 |     98 |    702 |   2670 |   3 | 1264.3 |
       Dungeon |   3793 |   3695 |     98 |    702 |   2670 |   3 | 1264.3 |
               +--------+--------+--------+--------+--------+-----+--------+

Top non-repeatable levels by time:
     D:1: 1729 daAuts
     D:2: 1304 daAuts
     D:3: 759 daAuts
